 Dungeon Crawl Stone Soup version 0.17.1-3-g152610e (webtiles) character file.

459983 jacquesderrida the Warrior (level 23, -3/188 HPs)
             Began as a Demonspawn Summoner on Apr 29, 2016.
             Was the Champion of Ashenzari.
             Slain by an azure jelly (5 damage)
             ... created by the royal jelly
             ... on level 6 of the Pits of Slime on Apr 30, 2016.
             The game lasted 04:09:37 (31688 turns).

jacquesderrida the Warrior (Demonspawn Summoner)   Turns: 31688, Time: 04:09:38

Health: -3/188     AC: 22    Str: 19    XL:     23   Next: 5%
Magic:  13/41      EV: 26    Int: 21    God:    Ashenzari [******]
Gold:   2814       SH:  0    Dex: 14    Spells: 13 memorised, 6 levels left

rFire  . . .     SeeInvis +     q - +2 Sword of Power (curse)
rCold  + + .     Clarity  +     y - +6 scale mail of Inafun {MR+ Slay+5} (curse)
rNeg   . . .     SustAt   .     (shield currently unavailable)
rPois  .         Gourm    .     (helmet unavailable)
rElec  .         Spirit   .     v - +2 cloak {rC+} (curse)
rCorr  .         Warding  .     w - +3 pair of gauntlets of War {Slay+5} (curse)
rMut   +         Stasis   .     i - +1 pair of boots (curse)
MR     ++++.                    s - amulet of resist mutation
Stlth  +.........               u - +3 ring of evasion
                                R - ring of wizardry

@: mighty, corroded equipment, contaminated, starving, hasted, glowing, studying
Stealth, repel missiles, very quick, incredibly resistant to hostile
enchantments, very unstealthy
A: antennae 3, repulsion field 3, cold resistance 1, foul stench 2, icemail,
magic resistance 2, augmentation 2, rot immunity, freezing cloud immunity
a: Scrying, Transfer Knowledge, Renounce Religion
}: 3/15 runes: barnacled, silver, gossamer


You were on level 6 of the Pits of Slime.
You worshipped Ashenzari.
Ashenzari was exalted by your worship.
You were starving.

You visited 11 branches of the dungeon, and saw 56 of its levels.
You visited 1 ziggurat, and saw 9 of its levels.
You also visited: Ossuary, Ice Cave, Volcano and Wizlab.

You collected 7320 gold pieces.
You spent 4506 gold pieces at shops.

Inventory:

Hand Weapons
 q - the cursed +2 Sword of Power (weapon)
   (You found it on level 3 of the Elven Halls)

   It has a curse placed upon it.
 H - a +2 double sword of draining
 J - a +2 demon blade of freezing
 X - a +2 great sword of flaming
Missiles
 r - 4 throwing nets (quivered)
Armour
 i - a cursed +1 pair of boots (worn)
 v - a cursed +2 cloak of cold resistance (worn)
 w - the cursed +3 pair of gauntlets of War (worn) {Slay+5}
   (You found it on level 8 of a ziggurat)

   It affects your accuracy and damage with ranged weapons and melee attacks
   (+5).
   It has a curse placed upon it.
 y - the cursed +6 scale mail of Inafun (worn) {MR+ Slay+5}
   (You bought it in a shop on level 2 of the Depths)

   It affects your accuracy and damage with ranged weapons and melee attacks
   (+5).
   It affects your resistance to hostile enchantments.
   It has a curse placed upon it.
Rods
 z - a +1 rod of the swarm (13/13)
   (You found it on level 3 of the Crypt)
Jewellery
 d - the macabre finger necklace {Ward rN+}
   (You found it on level 10 of the Dungeon)

   [amulet of warding]

   It may prevent the melee attacks of summoned creatures.
   It protects you from negative energy.
 h - an uncursed amulet of regeneration
 o - an uncursed ring of protection from magic
 s - an amulet of resist mutation (around neck)
 u - a +3 ring of evasion (right hand)
 x - an uncursed ring of poison resistance
 A - a cursed ring of teleportation
 C - a +3 ring of protection
 G - an uncursed ring of protection from magic
 R - a ring of wizardry (left hand)
 Z - the ring "Fidwasec" {*Corrode +Blink rPois rC+++ rN+}
   (You found it on level 8 of the Lair of Beasts)

   [ring of positive energy]

   It renders you almost immune to cold.
   It protects you from poison.
   It protects you from negative energy.
   It lets you blink.
   It may corrode your equipment when you take damage.
Wands
 t - a wand of heal wounds (1)
 Y - a wand of digging (13)
Scrolls
 a - a scroll of fog
 f - 3 scrolls of recharging
 g - a scroll of curse armour
 l - a scroll of brand weapon
 B - 3 scrolls of enchant weapon
 D - 2 scrolls of magic mapping
 E - 4 scrolls of amnesia
 I - 12 scrolls of identify
 M - a scroll of curse weapon
 O - 4 scrolls of blinking
 Q - 2 scrolls of fear
 S - 3 scrolls of summoning
 T - 11 scrolls of remove curse
Potions
 b - 2 potions of haste
 j - 10 potions of brilliance
 k - 9 potions of flight
 m - 4 potions of agility
 n - 6 potions of magic
 F - 11 potions of curing
 K - 3 potions of cancellation
 P - a potion of berserk rage
 V - 2 potions of cure mutation
 W - a potion of resistance
Books
 c - a manual of Stealth
Miscellaneous
 N - a phial of floods
Comestibles
 L - 21 meat rations


   Skills:
 - Level 17.4 Fighting
 + Level 14.4(19.7) Long Blades
 - Level 14.9(18.9) Armour
 - Level 12.1(16.3) Dodging
 + Level 4.5 Stealth
 - Level 14.1 Spellcasting
 + Level 11.8 Hexes
 + Level 11.4 Charms
 - Level 16.3 Summonings
 - Level 6.2 Necromancy
 - Level 5.8 Translocations
 - Level 3.1 Air Magic


You had 6 spell levels left.
You knew the following spells:

 Your Spells              Type           Power        Failure   Level  Hunger
a - Summon Butterflies    Summ           ######..     0%          1    None
b - Spectral Weapon       Hex/Chrm       ######..     1%          3    None
c - Call Canine Familiar  Summ           ######..     1%          3    None
d - Summon Guardian Gole  Hex/Summ       ######..     1%          3    None
e - Summon Lightning Spi  Summ/Air       ######..     1%          4    None
f - Apportation           Tloc           #####.....   1%          1    None
g - Silence               Hex/Air        #####.....   4%          5    ###....
h - Haste                 Chrm           ######..     4%          6    #####..
i - Passage of Golubria   Tloc           N/A          4%          4    None
m - Repel Missiles        Chrm/Air       #####.       1%          2    None
r - Regeneration          Chrm/Necr      ######....   1%          3    None
s - Summon Hydra          Summ           ######....   4%          7    ######.
B - Blink                 Tloc           N/A          1%          2    None


Dungeon Overview and Level Annotations

Branches:
Dungeon (15/15)            Temple (1/1) D:5            Lair (8/8) D:10
 Shoals (4/4) Lair:4       Spider (4/4) Lair:4        Slime (6/6) Lair:6
    Orc (4/4) D:12            Elf (3/3) Orc:3        Vaults (5/5) D:13
  Crypt (3/3) Vaults:2       Tomb (0/3) Crypt:3      Depths (3/5) D:15

Altars:
Ashenzari
Elyvilon
Gozag
Kikubaaqudgha
Makhleb
Nemelex Xobeh
Qazlal
Ru
Sif Muna
Trog
Vehumet
Yredelemnul
Zin
The Shining One
Jiyva

Shops:
D:4 *   D:11 (   D:15 ?   Orc:4 =*[   Elf:1 :   Elf:2 [   Vaults:1 ?
Depths:1 %   Depths:2 [

Annotations:
D:5 Zhenya25pyc's ghost, novice GrFi
D:9 1 runed door
Lair:8 HYDER!!!!!!
Shoals:3 Polyphemus
Slime:6 Royal Jelly
Elf:3 Mara


Innate Abilities, Weirdness & Mutations

You have a pair of large antennae on your head (SInv).
You are surrounded by a strong repulsion field (EV +4, rMsl).
Your flesh is cold resistant.
You frequently emit foul miasma when damaged in melee.
A meltable icy envelope protects you from harm (AC +10).
Your magical and physical power is enhanced at high health.
You are immune to rotting.
You are immune to freezing clouds.
You are highly resistant to hostile enchantments.


Message History

Unknown command.
You slice the royal jelly!!
Your hands burn!
* * * LOW HITPOINT WARNING * * *
The royal jelly is almost dead.
The royal jelly shudders vigorously.
The royal jelly spits out two more jellies.
Unknown command.
Unknown command.
You slice the royal jelly!!
Your hands burn!
* * * LOW HITPOINT WARNING * * *
The royal jelly is almost dead.
The royal jelly shudders vigorously.
The royal jelly spits out two more jellies.
The royal jelly closely misses you. The royal jelly hits you!
* * * LOW HITPOINT WARNING * * *
You are splashed with acid!
The acid corrodes you!
The acid burns!
* * * LOW HITPOINT WARNING * * *
The azure jelly is engulfed in dark miasma.
The azure jelly looks even sicker.
The azure jelly hits you.
You die...

...................... *
........................
,........................ *
#.......................
**.................,,..#..
,............... , .####
*,....................##[#
* *
,..................###(?[
,, .......@JJ.......###$=$#
* ,
.......JJ..J....###$)):) ,
,.......DJJ......###!)}?#
................####))#| *
,................########
*,,...................#...#
*,................##J..#..
* .................#######
*, ,, ......J...JJ###==#)


You could see the royal jelly, an acid blob, 3 azure jellies, 2 death oozes and
a friendly four-headed hydra.

Vanquished Creatures
  4 ancient liches
  A Killer Klown (Zig:5)
  2 caustic shrikes
  4 golden dragons (Vaults:5)
  2 bone dragons (Crypt:3)
  2 hellephants (Zig:7)
  Rupert (Spider:1)
  A shard shrike skeleton (Crypt:3)
  6 titans (Vaults:5)
  16 acid blobs
  A lich (Vaults:5)
  3 deep elf master archers (Elf:3)
  3 deep elf blademasters (Elf:3)
  An Executioner (Zig:5)
  2 sphinxes (Vaults:5)
  Agnes (Spider:4)
  Frances (D:12)
  2 storm dragons (Vaults:5)
  3 shadow dragons (Vaults:5)
  A tengu reaver (Vaults:5)
  4 ancient champions
  9 deep elf sorcerers
  3 azure jellies (Slime:6)
  Ilsuiw (Shoals:4)
  Wiglaf (Depths:2)
  13 vault wardens
  3 frost giants
  Maud (Lair:5)
  5 fire giants
  2 orc warlords
  2 iron dragons
  Aizul (Shoals:1)
  3 ghost moths (Spider:4)
  Louise (Elf:3)
  A draconian zealot (Zig:2)
  3 curse skulls
  3 war gargoyles (Vaults:5)
  6 emperor scorpions
  5 ghouls
  8 ironheart preservers
  7 stone giants
  5 very ugly things
  4 deep elf demonologists
  2 deep elf annihilators (Elf:3)
  A salamander stormcaller (Vaults:3)
  3 vampire knights
  4 fire dragons
  3 death oozes (Slime:6)
  4 deep elf death magi
  8 ettins
  2 merfolk javelineers
  24 vault guards (Vaults:5)
  2 merfolk impalers
  5 great orbs of eyes
  3 eidola
  6 jiangshi
  A blizzard demon (Depths:1)
  9 yaktaur captains
  A deep elf high priest (Elf:3)
  2 hydras
  A rakshasa (Depths:2)
  5 merfolk avatars
  2 entropy weavers
  6 ogre magi
  2 catoblepae (Zig:3)
  4 death yaks (Lair:8)
  6 centaur warriors
  3 death knights
  An alligator snapping turtle (Shoals:2)
  14 dancing weapons
  2 deep troll earth magi
  4 merfolk aquamancers (Shoals:4)
  4 orc high priests
  5 vampire magi
  2 deep troll shamans
  4 tengu warriors
  20 deep elf knights
  A storm dragon zombie (Crypt:3)
  3 shadow wraiths
  Nergalle (D:11)
  2 soul eaters
  A salamander mystic (Depths:2)
  A fire crab (Vaults:5)
  8 deep trolls
  2 iron trolls (Zig:6)
  4 sun demons (Depths:1)
  3 fire crabs (shapeshifter)
  19 skeletal warriors
  A death drake (shapeshifter) (Vaults:5)
  5 sea snakes
  An unseen horror (D:14)
  A giant orange brain (Vaults:3)
  10 ice devils
  10 phantasmal warriors
  13 deep elf summoners
  A wizard (Depths:1)
  3 flayed ghosts
  12 ironbrand convokers
  3 necromancers
  17 hill giants
  2 water nymphs (Shoals:2)
  12 deep elf conjurers
  22 wolf spiders
  A wolf spider zombie (Crypt:2)
  7 orc knights
  12 orb spiders
  A hornet (shapeshifter) (Vaults:2)
  25 ugly things
  2 shining eyes
  5 orc sorcerers
  A shadow dragon skeleton (Crypt:1)
  6 hornets
  3 salamanders (Depths:2)
  7 manticores
  7 cyclopes
  A wolf spider (shapeshifter) (Vaults:5)
  A faun (Shoals:3)
  A salamander (shapeshifter) (Vaults:1)
  An elephant (shapeshifter) (Vaults:5)
  10 griffons
  13 elephants
  A centaur zombie (D:14)
  5 sirens
  An iron dragon skeleton (Crypt:3)
  Maurice (D:12)
  3 moths of wrath
  2 toenail golems (Volcano)
  An apocalypse crab (Zig:5)
  A dire elephant zombie (Crypt:2)
  An orange demon (Depths:1)
  3 ice statues
  2 eyes of devastation
  A torpor snail (Lair:6)
  8 spiny frogs
  A rust devil (Depths:1)
  A yaktaur (shapeshifter) (Depths:1)
  2 black mambas
  A dire elephant skeleton (Crypt:3)
  9 vault sentinels
  2 smoke demons (Depths:1)
  2 fire drakes
  4 komodo dragons
  A molten gargoyle (Volcano)
  A hellion (Depths:1)
  4 gargoyles
  13 swamp worm zombies (Crypt:3)
  13 demonic crawlers
  A tengu conjurer (Depths:3)
  15 yaktaurs
  22 jumping spiders
  14 deep elf priests
  A yellow draconian skeleton (Crypt:2)
  10 freezing wraiths
  A polar bear (Lair:8)
  10 two-headed ogres
  2 blue devils
  7 wind drakes
  4 anaconda simulacra (IceCv)
  11 merfolk
  2 boulder beetles
  A jumping spider zombie (Crypt:1)
  2 bog bodies
  A frost giant simulacrum (Crypt:2)
  5 trolls
  11 snapping turtles
  An alligator zombie (Crypt:3)
  2 vampires
  7 wraiths
  32 air elementals (WizLab)
  An alligator skeleton (Crypt:3)
  13 blink frogs
  4 centaur simulacra
  2 wyverns
  33 redbacks
  21 deep elf magi
  37 slime creatures
  8 trapdoor spiders
  2 flying skulls (Crypt:3)
  15 tarantellas
  2 shadows
  2 water elementals (Shoals:4)
  Eustachio (D:6)
  A golden eye (shapeshifter) (Vaults:3)
  2 dire elephant simulacra (IceCv)
  18 yaks
  A basilisk (Lair:3)
  A basilisk (shapeshifter) (Vaults:3)
  6 humans (D:13)
  24 deep elf fighters
  4 golden eyes (Slime:5)
  6 hippogriffs
  A human (shapeshifter) (D:14)
  A chaos spawn (Zig:5)
  6 insubstantial wisps (WizLab)
  12 wolves
  5 vampire mosquitoes
  4 wargs
  2 harpy simulacra (IceCv)
  3 mottled dragons
  A soldier ant (D:14)
  4 hydra simulacra
  28 orc warriors
  A hell hound (Elf:1)
  An iron troll simulacrum (IceCv)
  A spider (shapeshifter) (D:14)
  5 porcupines
  13 water moccasins
  A merfolk skeleton (Crypt:3)
  A black bear (shapeshifter) (Vaults:5)
  3 sky beasts
  14 spiders
  8 centaurs
  A snapping turtle zombie (Crypt:1)
  2 wasps
  A black bear (D:7)
  A swamp dragon zombie (Crypt:2)
  4 ettin simulacra (IceCv)
  3 necrophages
  2 eyes of draining
  A phantom (D:9)
  26 ogres
  4 ice beasts
  A manticore skeleton (Crypt:1)
  A blink frog skeleton (Crypt:1)
  A hog zombie (Crypt:3)
  A big kobold (D:14)
  11 crocodiles
  15 giant frogs
  30 scorpions
  A cyclops skeleton (Crypt:1)
  7 killer bees
  A polar bear zombie (Crypt:2)
  4 wyvern skeletons
  A wolf zombie (Crypt:2)
  A snapping turtle simulacrum (Crypt:1)
  6 wights
  A swamp dragon simulacrum (IceCv)
  13 crimson imps
  A polar bear skeleton (Crypt:1)
  16 jellies
  18 orc priests
  A gnoll shaman (D:6)
  2 wasp zombies
  2 draconian simulacra (IceCv)
  4 hounds
  A giant frog zombie (D:12)
  17 orc wizards
  3 centaur skeletons
  A quasit (D:13)
  8 iguanas
  20 sheep
  3 worker ants
  A polar bear simulacrum (IceCv)
  A big kobold zombie (Crypt:1)
  3 hell rats (Lair:8)
  A wolf simulacrum (IceCv)
  A felid zombie (Crypt:3)
  A mottled dragon skeleton (Crypt:2)
  A human simulacrum (Crypt:1)
  A gnoll (D:6)
  4 adders
  5 naga simulacra (IceCv)
  36 river rats
  2 ogre simulacra
  16 white imps
  3 shadow imps
  4 ufetubi (IceCv)
  123 orcs
  3 spectral bats (Ossuary)
  2 gnoll zombies (Ossuary)
  A hobgoblin (D:3)
  5 jackals
  A kobold (shapeshifter) (Vaults:5)
  4 kobolds (D:14)
  A bat (D:2)
  A bat simulacrum (Ossuary)
  3 giant newts
  2 goblins (D:4)
  3 goblin zombies
  2 hobgoblin zombies (Ossuary)
  A kobold simulacrum (Ossuary)
  A kobold zombie (Ossuary)
  A quokka zombie (D:5)
  4 rats
  A spectral goblin (Ossuary)
  A spectral kobold (Ossuary)
  3 spectral rats (Ossuary)
  A crawling corpse (Vaults:5)
  A spectral weapon (Vaults:5)
1622 creatures vanquished.

Vanquished Creatures (collateral kills)
  A Cloud Mage (WizLab)
  2 Ice Fiends
  A titan (Vaults:5)
  3 acid blobs (Slime:6)
  A sphinx (Elf:1)
  An iron dragon (Zig:4)
  A green draconian (Zig:2)
  A dire elephant (Lair:8)
  The ghost of Goblin1989 the Cruncher, a journeyman GrGl of Okawaru (Lair:4)
  An eidolon (Crypt:3)
  A deep elf death mage (Elf:3)
  Josephine (D:11)
  7 hydras
  A catoblepas (Lair:8)
  An ice dragon (Zig:4)
  A large abomination (Elf:3)
  A centaur warrior (D:14)
  A death yak (D:10)
  Urug (D:12)
  2 orc high priests (Orc:4)
  2 deep elf knights (Elf:1)
  A skeletal warrior (Crypt:3)
  An ice devil (IceCv)
  A swamp dragon (Zig:4)
  A deep elf summoner (Elf:1)
  5 hill giants
  3 griffons
  An ugly thing (Zig:5)
  2 orc knights
  A lindwurm (Volcano)
  A manticore (Elf:1)
  4 deep elf conjurers
  A water nymph (Shoals:1)
  2 cyclopes
  2 sirens
  An orc sorcerer (Orc:4)
  5 elephants (Lair:8)
  2 spiny frogs
  A gargoyle (D:13)
  A golden dragon simulacrum (IceCv)
  A tengu conjurer (D:13)
  A deep elf priest (Elf:2)
  A fire drake (Lair:7)
  A komodo dragon (Lair:3)
  2 wind drakes
  A merfolk (Shoals:1)
  A polar bear (Lair:8)
  Grinder (D:6)
  Prince Ribbit (D:9)
  A troll (D:9)
  2 two-headed ogres
  10 blink frogs
  A wraith (D:11)
  2 wyverns
  2 redbacks (Spider:3)
  2 deep elf magi (Elf:1)
  A hungry ghost (D:8)
  A deep elf fighter (Elf:1)
  3 basilisks
  12 yaks
  Grum (D:9)
  10 humans (D:13)
  6 hippogriffs
  2 wargs
  3 water moccasins
  2 iron troll simulacra (IceCv)
  3 ice beasts
  4 wolves
  3 porcupines
  13 orc warriors
  A spider (Spider:4)
  A phantom (D:9)
  An ogre (D:6)
  3 crocodiles
  3 centaurs (Lair:4)
  2 giant frogs
  A scorpion (D:13)
  A water moccasin skeleton (D:5)
  2 killer bees (D:11)
  4 wights
  A centaur zombie (D:7)
  2 crimson imps
  A giant frog skeleton (D:6)
  A quasit (D:5)
  2 iguanas
  A jelly (D:6)
  10 orc priests
  3 worker ants
  2 hounds
  A centaur skeleton (D:7)
  2 hell rats (Lair:8)
  12 orc wizards
  A troll simulacrum (IceCv)
  5 sheep
  4 big kobold zombies (Ossuary)
  A mummy (Ossuary)
  Robin (D:4)
  3 adders
  8 gnolls
  7 river rats
  A white imp (IceCv)
  A worm (D:4)
  2 giant geckos
  51 orcs
  A spectral bat (Ossuary)
  3 bats (D:1)
  3 bat simulacra (Ossuary)
  6 gnoll zombies (Ossuary)
  6 hobgoblins
  A jackal (D:9)
  2 quokkas
  11 goblins
  3 goblin simulacra (Ossuary)
  2 goblin zombies (Ossuary)
  4 hobgoblin zombies (Ossuary)
  2 kobolds
  4 kobold zombies (Ossuary)
  2 orc zombies (Ossuary)
  3 rats
  2 rat simulacra (Ossuary)
  A spectral goblin (Ossuary)
  A spectral kobold (Ossuary)
  3 spectral rats (Ossuary)
  3 fungi
  A plant (Lair:7)
368 creatures vanquished.

Vanquished Creatures (others)
  An ice dragon (Vaults:3)
  2 hydras (Zig:8)
  3 deep elf knights
  A skeletal warrior (Crypt:3)
  A spriggan druid (Zig:8)
  A swamp dragon (Zig:8)
  A death drake (Zig:8)
  A freezing wraith (Vaults:3)
  A jumping spider (Spider:1)
  A giant leech (Zig:8)
  A slime creature (Zig:8)
  A yak (Lair:8)
  A shadow (D:13)
  A steam dragon (Zig:4)
  A wasp (Zig:8)
  A scorpion (Spider:3)
  An orc wizard (Orc:4)
  A hobgoblin zombie (Ossuary)
  A fire vortex (Vaults:3)
  18 fungi
  3 lost souls
  10 plants
  50 spectral weapons
103 creatures vanquished.

Grand Total: 2093 creatures vanquished

Notes
Turn   | Place    | Note
--------------------------------------------------------------
     0 | D:1      | jacquesderrida the Demonspawn Summoner began the quest for the Orb.
     0 | D:1      | Reached XP level 1. HP: 13/13 MP: 3/3
   203 | D:1      | Gained mutation: You have a pair of small antennae on your head. [demonic ancestry]
   203 | D:1      | Reached XP level 2. HP: 7/19 MP: 5/5
   238 | D:1      | Learned a level 2 spell: Call Imp
   294 | D:2      | Found a faded altar to an unknown god.
   371 | D:2      | Found a sacrificial altar of Ru.
   787 | D:4      | Noticed Robin
   791 | D:4      | Reached skill level 5 in Summonings
   797 | D:4      | Gained mutation: Your flesh is cold resistant. [demonic ancestry]
   797 | D:4      | Reached XP level 3. HP: 24/24 MP: 6/6
   802 | D:4      | Learned a level 3 spell: Call Canine Familiar
   815 | D:4      | Killed Robin
   859 | D:4      | Found a sand-covered staircase.
   892 | Ossuary  | Entered an ossuary
  1022 | Ossuary  | Gained mutation: You are surrounded by a mild repulsion field (EV +2). [demonic ancestry]
  1022 | Ossuary  | Reached XP level 4. HP: 23/30 MP: 7/7
  1232 | Ossuary  | Reached skill level 6 in Summonings
  1395 | Ossuary  | Gained mutation: You are immune to freezing clouds. [demonic ancestry]
  1395 | Ossuary  | Reached XP level 5. HP: 17/35 MP: 8/8
  1517 | D:4      | Learned a level 3 spell: Summon Guardian Golem
  1601 | D:4      | Found Yguihes's Elemental Accessories.
  1703 | D:5      | Entered Level 5 of the Dungeon
  1818 | D:5      | Found a staircase to the Ecumenical Temple.
  1841 | Temple   | Entered the Ecumenical Temple
  1850 | Temple   | Became a worshipper of Ashenzari the Shackled
  1875 | D:5      | Noticed Zhenya25pyc's ghost (novice GrFi)
  1961 | D:6      | Got the long sword of Kismet {flame, +Fly MP+9}
  1971 | D:6      | Identified the +9 long sword of Kismet {flame, +Fly MP+9} (You found it on level 6 of the Dungeon)
  2018 | D:6      | You fall through a shaft for 2 floors!
  2018 | D:8      | Noticed a two-headed ogre
  2018 | D:8      | Noticed a hippogriff
  2021 | D:8      | Noticed an ice beast
  2043 | D:8      | Gained mutation: You have a pair of antennae on your head. [demonic ancestry]
  2043 | D:8      | Reached XP level 6. HP: 39/41 MP: 10/10
  2087 | D:8      | Reached skill level 1 in Long Blades
  2098 | D:8      | Reached skill level 7 in Summonings
  2137 | D:8      | Killed an ice beast
  2137 | D:8      | Gained mutation: You are immune to rotting. [demonic ancestry]
  2137 | D:8      | Reached XP level 7. HP: 22/46 MP: 12/12
  2176 | D:8      | Learned a level 4 spell: Summon Lightning Spire
  2247 | D:6      | Noticed Grinder
  2264 | D:6      | Reached skill level 1 in Air Magic
  2274 | D:6      | Killed Grinder
  2284 | D:6      | Noticed an ogre
  2400 | D:7      | Reached XP level 8. HP: 10/52 MP: 6/15
  2676 | D:7      | Reached * piety under Ashenzari
  2715 | D:6      | Noticed a centaur
  2732 | D:6      | Killed a centaur
  2732 | D:6      | Reached skill level 5 in Spellcasting
  2749 | D:6      | Reached skill level 8 in Summonings
  2807 | D:6      | Killed an ogre
  2913 | D:6      | Found a glowing golden altar of the Shining One.
  2982 | D:5      | Learned a level 2 spell: Repel Missiles
  2985 | D:5      | Learned a level 2 spell: Blink
  3212 | D:6      | Noticed an ice beast
  3212 | D:6      | Noticed Eustachio
  3223 | D:6      | Reached skill level 1 in Fighting
  3225 | D:6      | Noticed a centaur
  3226 | D:6      | Killed a centaur
  3228 | D:6      | Killed an ice beast
  3231 | D:6      | Killed Eustachio
  3412 | D:7      | Gained mutation: A meltable icy envelope protects you from harm (AC +10). [demonic ancestry]
  3412 | D:7      | Reached XP level 9. HP: 60/62 MP: 16/16
  3514 | D:7      | Reached skill level 5 in Long Blades
  3514 | D:7      | Reached skill level 9 in Summonings
  3570 | D:8      | Killed a hippogriff
  3577 | D:8      | Found a deep blue altar of Sif Muna.
  3583 | D:8      | Noticed a hungry ghost
  3588 | D:8      | Killed a hungry ghost
  3807 | D:9      | Noticed Grum
  3850 | D:8      | Killed a two-headed ogre
  4160 | D:9      | Noticed Prince Ribbit
  4165 | D:9      | Killed Prince Ribbit
  4165 | D:9      | Reached skill level 5 in Fighting
  4198 | D:9      | Found a runed door.
  4199 | D:9      | Found a glowing golden altar of the Shining One.
  4199 | D:9      | Noticed an angel
  4364 | D:9      | Reached XP level 10. HP: 71/74 MP: 17/17
  4368 | D:9      | Reached skill level 10 in Summonings
  4370 | D:9      | Killed Grum
  4449 | D:10     | Entered Level 10 of the Dungeon
  4596 | D:10     | Noticed a death yak
  4624 | D:10     | Killed a death yak
  4652 | D:10     | Found a staircase to the Lair.
  4659 | D:10     | Reached ** piety under Ashenzari
  4661 | D:10     | Noticed a hill giant
  4690 | D:10     | Killed a hill giant
  4822 | D:10     | Noticed a hill giant
  4875 | D:10     | Killed a hill giant
  5093 | Lair:1   | Entered Level 1 of the Lair of Beasts
  5110 | Lair:1   | Learned a level 1 spell: Summon Butterflies
  5252 | Lair:1   | Reached skill level 1 in Charms
  5448 | Lair:2   | Learned a level 3 spell: Regeneration
  5500 | Lair:2   | Reached skill level 11 in Summonings
  5542 | Lair:2   | Noticed an eight-headed hydra
  5563 | Lair:2   | Killed a five-headed hydra
  5563 | Lair:2   | Reached XP level 11. HP: 26/83 MP: 19/19
  5646 | Lair:2   | Found a deep blue altar of Sif Muna.
  5699 | Lair:3   | Reached *** piety under Ashenzari
  5871 | Lair:4   | Reached skill level 1 in Necromancy
  5955 | Lair:3   | Noticed an eight-headed hydra
  6035 | Lair:3   | Learned a level 4 spell: Summon Ice Beast
  6218 | Lair:4   | Found a staircase to the Shoals.
  6362 | Lair:5   | Noticed Maud
  6555 | Lair:5   | Noticed an eight-headed hydra
  6597 | Lair:5   | Killed a six-headed hydra
  6614 | Lair:5   | Reached skill level 5 in Charms
  6630 | Lair:6   | Reached **** piety under Ashenzari
  6769 | Lair:6   | Found a staircase to the Slime Pits.
  6772 | Lair:6   | Found a viscous altar of Jiyva.
  6834 | Lair:7   | Reached XP level 12. HP: 37/89 MP: 23/23
  6960 | Lair:7   | Learned a level 3 spell: Spectral Weapon
  7077 | Lair:8   | Entered Level 8 of the Lair of Beasts
  7129 | Lair:8   | Noticed an eight-headed hydra
  7160 | Lair:8   | Found a dark tunnel.
  7165 | Volcano  | Entered a volcano
  7542 | Lair:8   | Noticed a dire elephant
  7556 | Lair:8   | Reached skill level 10 in Long Blades
  7570 | Lair:8   | Reached skill level 1 in Hexes
  7596 | Lair:8   | Noticed a catoblepas
  7612 | Lair:8   | Killed a catoblepas
  7625 | Lair:8   | Reached skill level 5 in Dodging
  7718 | Lair:8   | Killed a dire elephant
  7736 | Lair:8   | Identified the ring "Fidwasec" {*Corrode +Blink rPois rC+++ rN+}
  7746 | Lair:8   | Gained mutation: You may emit foul miasma when damaged in melee. [demonic ancestry]
  7746 | Lair:8   | Reached XP level 13. HP: 84/98 MP: 22/25
  7910 | Lair:8   | Noticed a four-headed hydra
  7920 | Lair:8   | Killed a one-headed hydra
  8085 | Lair:4   | Noticed Goblin1989's ghost (journeyman GrGl)
  8108 | Lair:4   | Killed Goblin1989's ghost
  8510 | Lair:1   | Learned a level 1 spell: Apportation
  8573 | D:11     | Reached skill level 5 in Necromancy
  8610 | D:11     | Reached ***** piety under Ashenzari
  8623 | D:11     | Noticed Josephine
  8635 | D:11     | Killed Josephine
  8638 | D:11     | Noticed Nergalle
  8648 | D:11     | Killed Nergalle
  8666 | D:11     | Found Eshrifut's Weapon Shop.
  8746 | D:11     | Found a bloodstained altar of Trog.
  8942 | D:12     | Noticed Maurice
  9086 | D:12     | Found a staircase to the Orcish Mines.
  9101 | Orc:1    | Entered Level 1 of the Orcish Mines
  9289 | Orc:4    | Entered Level 4 of the Orcish Mines
  9478 | Orc:4    | Found Tedau's General Store.
  9478 | Orc:4    | Found Olairr's Jewellery Shoppe.
  9478 | Orc:4    | Found Nauxuplu's Antique Armour Emporium.
  9478 | Orc:4    | Found Kaarup's Antique Weapon Emporium.
  9699 | Orc:4    | Reached skill level 5 in Hexes
  9743 | Orc:4    | Noticed an orc warlord
  9811 | Orc:4    | Killed an orc warlord
  9861 | Orc:4    | Paralysed by an orc sorcerer for 5 turns
  9997 | Orc:4    | Bought a faintly humming ring mail for 288 gold pieces
  9997 | Orc:4    | Identified the +6 ring mail "Nutuemoh" {rPois Int+4 Dex-5} (You bought it in a shop on level 4 of the Orcish Mines)
 10006 | Orc:4    | Bought a scroll of remove curse for 36 gold pieces
 10007 | Orc:4    | Bought an uncursed ring of protection from magic for 400 gold pieces
 10101 | D:12     | Gained mutation: You are resistant to hostile enchantments. [potion of beneficial mutation]
 10146 | D:12     | Killed Maurice
 10179 | D:12     | Gained mutation: You frequently emit foul miasma when damaged in melee. [demonic ancestry]
 10179 | D:12     | Reached XP level 14. HP: 79/109 MP: 26/26
 10388 | D:12     | Reached skill level 10 in Fighting
 10526 | D:12     | Reached skill level 12 in Summonings
 10609 | D:12     | Noticed a stone giant
 10767 | D:12     | Killed a stone giant
 10804 | D:12     | Got the morningstar of the Open Hand {speed, rN+ Int+5 Stlth+}
 10805 | D:12     | Identified the +9 morningstar of the Open Hand {speed, rN+ Int+5 Stlth+} (You found it on level 12 of the Dungeon)
 10808 | D:12     | Got the glaive of Xugoeh {chop, rPois rN++ Str+4 Dex-2}
 10809 | D:12     | Identified the +6 glaive of Xugoeh {chop, rPois rN++ Str+4 Dex-2} (You found it on level 12 of the Dungeon)
 10812 | D:12     | Got the halberd "Osoisyce" {freeze, rElec rF+ Str+3 Dex+3}
 10813 | D:12     | Identified the +7 halberd "Osoisyce" {freeze, rElec rF+ Str+3 Dex+3} (You found it on level 12 of the Dungeon)
 10816 | D:12     | Got the dagger of Voganepe {antimagic, Stlth+}
 10817 | D:12     | Identified the +0 dagger of Voganepe {antimagic, Stlth+} (You found it on level 12 of the Dungeon)
 10820 | D:12     | Got the mace of the Chickpea {drain, Dex+2}
 10821 | D:12     | Identified the +2 mace of the Chickpea {drain, Dex+2} (You found it on level 12 of the Dungeon)
 11012 | D:12     | Noticed Frances
 11018 | D:12     | Noticed Urug
 11028 | D:12     | Killed Frances
 11036 | D:12     | Killed Urug
 11169 | D:13     | Found a runed door.
 11169 | D:13     | Noticed a fire giant
 11212 | D:13     | Identified the +5 ring mail of Afontog {+Fly rF- rC++ MR+}
 11212 | D:13     | Identified the amulet of the Will of the Gods {Faith *Corrode rPois Str+3}
 11222 | D:13     | Killed a fire giant
 11408 | D:13     | Found a gate to the Vaults.
 11483 | D:13     | Identified a scroll of acquirement
 11492 | D:13     | Identified a +1 rod of the swarm (5/9) (You took it off a human on level 13 of the Dungeon)
 11716 | D:14     | Found a white marble altar of Elyvilon.
 12079 | D:15     | Entered Level 15 of the Dungeon
 12079 | D:15     | Found a stormy altar of Qazlal.
 12085 | D:15     | Found Isohiss's Magic Scroll Emporium.
 12349 | D:14     | Reached skill level 13 in Summonings
 12381 | D:14     | Gained mutation: You are surrounded by a moderate repulsion field (EV +3). [demonic ancestry]
 12381 | D:14     | Reached XP level 15. HP: 91/119 MP: 20/27
 12933 | Orc:3    | Reached ****** piety under Ashenzari
 12979 | Orc:3    | Found a staircase to the Elven Halls.
 12993 | Elf:1    | Entered Level 1 of the Elven Halls
 13523 | Elf:1    | Found Bolu's Book Shop.
 13665 | Elf:1    | Reached skill level 10 in Dodging
 13876 | Elf:2    | Reached skill level 14 in Summonings
 13941 | Elf:1    | Identified the +6 dagger "Ror Dam" {vamp, +Rage +Inv rC-} (You found it on level 9 of the Dungeon)
 13941 | Elf:1    | Identified the +7 mace of Tiopsidgh {crush, rElec rN+} (You found it on level 13 of the Dungeon)
 14075 | Elf:1    | Noticed a sphinx
 14091 | Elf:1    | Killed a sphinx
 14094 | Elf:1    | Bought a book of Enchantments for 900 gold pieces
 14100 | Elf:1    | Learned a level 5 spell: Silence
 14289 | Elf:2    | Found Vesaozunt's Armour Shop.
 14451 | Elf:2    | Gained mutation: Your magical and physical power is slightly enhanced at high health. [demonic ancestry]
 14451 | Elf:2    | Reached XP level 16. HP: 90/128 MP: 23/29
 14672 | Elf:3    | Entered Level 3 of the Elven Halls
 14674 | Elf:3    | Found a frozen archway.
 14711 | IceCv    | Entered an ice cave
 15326 | IceCv    | Noticed an Ice Fiend
 15445 | IceCv    | Killed an Ice Fiend
 15472 | IceCv    | Got the uncursed hat of Amirur {Int+8}
 15474 | IceCv    | Identified the +1 hat of Amirur {Int+8} (You found it in an ice cave)
 15773 | Elf:3    | Noticed Mara
 15981 | Elf:3    | Noticed a deep elf blademaster
 16006 | Elf:3    | Killed a deep elf blademaster
 16011 | Elf:3    | Reached skill level 10 in Spellcasting
 16124 | Elf:3    | Noticed a deep elf master archer
 16138 | Elf:3    | Noticed a deep elf blademaster
 16140 | Elf:3    | Noticed a deep elf master archer
 16140 | Elf:3    | Noticed Louise
 16147 | Elf:3    | Killed a deep elf master archer
 16211 | Elf:3    | Killed a deep elf blademaster
 16307 | Elf:3    | Killed Louise
 16347 | Elf:3    | Noticed a deep elf master archer
 16393 | Elf:3    | Killed a deep elf master archer
 16465 | Elf:3    | HP: 3/128 [deep elf master archer/arrow of flame (43)]
 16465 | Elf:3    | HP: 1/128 [deep elf master archer/arrow of flame (2)]
 16473 | Elf:3    | Killed a deep elf master archer
 16474 | Elf:3    | WOW WHAT THE FUCK
 16474 | Elf:3    | PLSSS
 16551 | Elf:3    | Identified a +4 rod of inaccuracy (5/11) (You took it off a deep elf sorcerer on level 3 of the Elven Halls)
 16619 | Elf:3    | Identified the Grimoire of Doomed Moulding (You found it on level 3 of the Elven Halls)
 16640 | Elf:3    | Noticed a deep elf blademaster
 16662 | Elf:3    | Killed a deep elf blademaster
 16684 | Elf:3    | Identified the +5 hunting sling of Midsummer {freeze, rF++ rC+ Stlth+}
 16692 | Elf:3    | Identified the cursed +1 scale mail of the Cricket {rF+ MR+ Str+5}
 16752 | Elf:3    | Identified the +9 hand axe of Defence by Offence {drain, Str+6}
 16752 | Elf:3    | Identified the +6 hand axe "Iguonavvi" {vamp, *Noise +Inv MR+ Int+2}
 16756 | Elf:3    | Identified the +7 hunting sling of the Present {venom, rElec}
 16766 | Elf:3    | Reached XP level 17. HP: 134/134 MP: 32/32
 17037 | Elf:2    | Found a runed gate.
 17037 | Elf:2    | Found a runed gate.
 17037 | Elf:2    | Found a runed gate.
 17205 | Elf:2    | Reached skill level 10 in Hexes
 17283 | Elf:1    | Reached skill level 10 in Charms
 17295 | Elf:1    | Learned a level 6 spell: Haste
 17367 | Elf:2    | Bought a +0 pearl dragon armour for 1800 gold pieces
 17543 | D:11     | Reached skill level 1 in Armour
 17674 | Shoals:1 | Entered Level 1 of the Shoals
 17674 | Shoals:1 | Noticed Aizul
 17704 | Shoals:1 | Killed Aizul
 18304 | Shoals:4 | Entered Level 4 of the Shoals
 18422 | Shoals:4 | Reached skill level 5 in Armour
 18771 | Shoals:4 | Noticed Ilsuiw
 18811 | Shoals:4 | Killed Ilsuiw
 18898 | Shoals:4 | Got a barnacled rune of Zot
 19077 | Shoals:3 | Noticed Polyphemus
 19587 | Lair:5   | Killed Maud
 19678 | Lair:4   | Found a hole to the Spider Nest.
 19687 | Spider:1 | Entered Level 1 of the Spider Nest
 19995 | Spider:1 | Noticed Rupert
 20004 | Spider:1 | Killed Rupert
 20335 | Spider:3 | Reached XP level 18. HP: 104/141 MP: 30/34
 20822 | Spider:4 | Entered Level 4 of the Spider Nest
 20834 | Spider:4 | Noticed Agnes
 20847 | Spider:4 | Killed Agnes
 20914 | Spider:4 | Reached skill level 10 in Armour
 21234 | Spider:4 | Got a gossamer rune of Zot
 21467 | Lair:1   | Learned a level 7 spell: Summon Hydra
 21604 | Vaults:1 | Entered Level 1 of the Vaults
 21639 | Vaults:1 | Identified the +6 trident "Lykoh" {drain, -Tele +Rage rPois rC-}
 21762 | Vaults:1 | Found Tepyb's Magic Scroll Shoppe.
 21772 | Vaults:1 | Bought a scroll of magic mapping for 59 gold pieces
 21772 | Vaults:1 | Bought a scroll of teleportation for 51 gold pieces
 22545 | Vaults:3 | Reached XP level 19. HP: 133/149 MP: 33/36
 23006 | Vaults:4 | Found a sparkling altar of Nemelex Xobeh.
 23145 | Vaults:4 | Found a magical portal.
 23148 | WizLab   | Entered The Chambers of Ebuasar the Cloud Mage
 23546 | WizLab   | Identified the Incunabulum of Excruciating Feathers
 23554 | WizLab   | Identified Ymocogate's Disquisition on Hurtful Lightness
 23807 | Vaults:4 | Reached skill level 15 in Summonings
 23854 | Vaults:5 | Entered Level 5 of the Vaults
 23854 | Vaults:5 | Noticed an ancient lich
 23887 | Vaults:5 | Noticed a golden dragon
 23896 | Vaults:5 | Noticed a golden dragon
 24059 | Vaults:5 | Killed a golden dragon
 24080 | Vaults:5 | Killed a golden dragon
 24128 | Vaults:5 | Gained mutation: You are surrounded by a strong repulsion field (EV +4, rMsl). [demonic ancestry]
 24128 | Vaults:5 | Reached XP level 20. HP: 87/160 MP: 8/38
 24182 | Vaults:5 | Killed an ancient lich
 24248 | Vaults:5 | HP: 4/160 [fire giant/fireball (22)]
 24279 | Vaults:5 | Noticed a golden dragon
 24281 | Vaults:5 | Noticed a golden dragon
 24304 | Vaults:5 | Noticed an ancient lich
 24310 | Vaults:5 | Reached skill level 16 in Summonings
 24317 | Vaults:5 | Identified the +0 war axe "Viuledghe" {chop, rPois rF+ SInv}
 24327 | Vaults:5 | Identified the ring "Plog" {+Blink Slay+3 SInv} (You took it off a fire giant on level 5 of the Vaults)
 24368 | Vaults:5 | Killed an ancient lich
 24390 | Vaults:5 | HP: 5/161 [sixfirhy[a deep elf sorcerer] (9)]
 24412 | Vaults:5 | Reached skill level 15 in Fighting
 24420 | Vaults:5 | Identified the +10 glaive of the Dungeon {holy, +Rage rN+ MR+ Str-4} (You took it off a vault warden on level 5 of the Vaults)
 24613 | Vaults:5 | Killed a golden dragon
 24720 | Vaults:5 | Identified the Volume of Hurtful Flight
 24731 | Vaults:5 | Identified the cursed +1 leather armour of Divaaxe {rElec rC- Regen+ Dex+8}
 24924 | Vaults:5 | Killed a golden dragon
 25128 | Vaults:5 | Identified the Catalogue of Changing (You found it on level 5 of the Vaults)
 25138 | Vaults:5 | Identified the +0 ring mail "Haceus" {Slay+3}
 25138 | Vaults:5 | Identified the +8 trident "Niedenan" {antimagic, *Noise MR+++ Str+3 Dex-2}
 25219 | Vaults:5 | Learned a level 4 spell: Passage of Golubria
 25312 | Vaults:5 | Reached skill level 1 in Translocations
 25338 | Vaults:5 | Reached XP level 21. HP: 107/169 MP: 37/39
 25475 | Vaults:5 | Got a silver rune of Zot
 25953 | Vaults:2 | Found a staircase to the Crypt.
 25967 | Crypt:1  | Entered Level 1 of the Crypt
 26830 | Crypt:3  | Entered Level 3 of the Crypt
 26892 | Crypt:3  | Found a basalt altar of Yredelemnul.
 27488 | Crypt:3  | Reached skill level 5 in Translocations
 27583 | Crypt:3  | Noticed an ancient lich
 27620 | Crypt:3  | Killed an ancient lich
 27628 | Crypt:3  | Noticed an ancient lich
 27650 | Crypt:3  | Killed an ancient lich
 27681 | Crypt:3  | Identified a +1 rod of the swarm (13/13)
 27807 | Crypt:3  | Gained mutation: You have a pair of large antennae on your head (SInv). [demonic ancestry]
 27807 | Crypt:3  | Reached XP level 22. HP: 152/179 MP: 40/40
 27849 | Crypt:3  | Found a staircase to the Tomb.
 28488 | D:15     | Found a staircase to the Depths.
 28497 | Depths:1 | Entered Level 1 of the Depths
 28647 | Depths:1 | Found a gateway to a ziggurat.
 28690 | Zig:1    | Entered Level 1 of a ziggurat
 28752 | Zig:2    | Entered Level 2 of a ziggurat
 28752 | Zig:2    | Identified the +1 arbalest "Goblinslayer" {speed, +Blink}
 28821 | Zig:3    | Entered Level 3 of a ziggurat
 28861 | Zig:3    | Identified the Tome of Venom
 28867 | Zig:4    | Entered Level 4 of a ziggurat
 29051 | Zig:5    | Entered Level 5 of a ziggurat
 29091 | Zig:5    | Identified the +1 robe of Hiatt {Str+4 Int+3}
 29114 | Zig:6    | Entered Level 6 of a ziggurat
 29310 | Zig:7    | Entered Level 7 of a ziggurat
 29480 | Zig:8    | Entered Level 8 of a ziggurat
 29521 | Zig:9    | Entered Level 9 of a ziggurat
 29536 | Zig:9    | Identified the +4 great sword of Impatience {vamp, Int+4}
 29692 | Depths:1 | Reached skill level 17 in Fighting
 29772 | Depths:2 | Noticed Wiglaf
 29788 | Depths:2 | Killed Wiglaf
 29845 | Depths:2 | Found Seopn's Antique Armour Shop.
 29860 | Depths:2 | Bought a pitted scale mail for 324 gold pieces
 29860 | Depths:2 | Identified the +1 scale mail of Amelioration {MP+9 Int-5 Dex+6} (You bought it in a shop on level 2 of the Depths)
 29860 | Depths:2 | Bought an encrusted ring mail for 324 gold pieces
 29860 | Depths:2 | Identified the cursed +1 ring mail "Laceuwko" {rN+ Int+4 Dex+2} (You bought it in a shop on level 2 of the Depths)
 29860 | Depths:2 | Bought a polished scale mail for 324 gold pieces
 29860 | Depths:2 | Identified the +6 scale mail of Inafun {MR+ Slay+5} (You bought it in a shop on level 2 of the Depths)
 30103 | Depths:1 | Found Izxir's Food Shoppe.
 30622 | Slime:1  | Entered Level 1 of the Pits of Slime
 30647 | Slime:2  | Gained mutation: You are highly resistant to hostile enchantments. [a shining eye]
 31046 | Slime:6  | Entered Level 6 of the Pits of Slime
 31266 | Slime:6  | Gained mutation: Your magical and physical power is enhanced at high health. [demonic ancestry]
 31266 | Slime:6  | Reached XP level 23. HP: 48/188 MP: 15/41
 31267 | Slime:6  | Noticed the royal jelly
 31497 | Slime:6  | Found a viscous altar of Jiyva.
 31581 | Slime:6  | HP: 4/188 [acid[the royal jelly] (8)]
 31688 | Slime:6  | HP: 9/188 [the royal jelly (16)]
 31688 | Slime:6  | HP: 2/188 [acid (7)]
 31688 | Slime:6  | Slain by an azure jelly

Action                   |  1- 3 |  4- 6 |  7- 9 | 10-12 | 13-15 | 16-18 | 19-21 | 22-24 || total
-------------------------+-------+-------+-------+-------+-------+-------+-------+-------++-------
Melee: Short sword       |    23 |       |       |       |       |       |       |       ||    23
       Unarmed           |     2 |       |       |       |       |       |       |       ||     2
       Staff             |    48 |    78 |       |       |       |       |       |       ||   126
       Long sword        |       |    19 |   193 |   497 |   564 |       |       |       ||  1273
       Demon blade       |       |       |       |       |   718 |  1979 |  1410 |       ||  4107
       Great sword       |       |       |       |       |       |       |   541 |   822 ||  1363
 Cast: Summon Small Mamm |    18 |       |       |       |       |       |       |       ||    18
       Call Imp          |    12 |     9 |     4 |     1 |       |       |       |       ||    26
       Call Canine Famil |     3 |    15 |    30 |    29 |    27 |     9 |     1 |       ||   114
       Summon Guardian G |       |     2 |     6 |    12 |     7 |       |       |       ||    27
       Summon Lightning  |       |       |    12 |    22 |    43 |    12 |       |       ||    89
       Repel Missiles    |       |       |     1 |     1 |     3 |     7 |       |       ||    12
       Summon Ice Beast  |       |       |       |    34 |    38 |    14 |       |       ||    86
       Regeneration      |       |       |       |    18 |    61 |    83 |    64 |    52 ||   278
       Spectral Weapon   |       |       |       |     6 |    63 |    82 |    65 |       ||   216
       Apportation       |       |       |       |       |       |     3 |       |     1 ||     4
       Haste             |       |       |       |       |       |     3 |     7 |    10 ||    20
       Silence           |       |       |       |       |       |     1 |     1 |       ||     2
       Summon Butterflie |       |       |       |       |       |     1 |     2 |       ||     3
       Summon Hydra      |       |       |       |       |       |       |     9 |    21 ||    30
       Passage of Golubr |       |       |       |       |       |       |       |     1 ||     1
Invok: Scrying           |       |       |       |     1 |     4 |    16 |     3 |     5 ||    29
Evoke: Wand              |       |     1 |     6 |       |    10 |    23 |    37 |    15 ||    92
       Stone of tremors  |       |       |       |       |     1 |       |       |       ||     1
       Phantom mirror    |       |       |       |       |       |       |       |     3 ||     3
  Use: Scroll            |       |     8 |    13 |    11 |    11 |    21 |    21 |    14 ||    99
       Potion            |       |       |     3 |     1 |     5 |     8 |    11 |     1 ||    29
 Stab: Sleeping          |     2 |     2 |     2 |     8 |    12 |       |       |       ||    26
       Distracted        |       |     2 |     3 |    12 |    20 |    16 |    21 |     1 ||    75
       Invisible         |       |       |       |       |     1 |       |       |       ||     1
       Petrified         |       |       |       |       |       |       |       |     1 ||     1
       Fleeing           |       |       |       |       |       |       |       |     2 ||     2
  Eat: Chunk             |     2 |     2 |    13 |    20 |    18 |     7 |     4 |     1 ||    67
       Fruit             |       |     2 |       |       |     2 |    11 |     6 |     1 ||    22
       Beef jerky        |       |     1 |       |       |     5 |     2 |       |     1 ||     9
       Royal jelly       |       |       |     1 |       |       |       |     1 |       ||     2
       Pizza             |       |       |       |       |     1 |     2 |       |       ||     3
       Bread ration      |       |       |       |       |     1 |     5 |     2 |     3 ||    11
       Meat ration       |       |       |       |       |       |       |     3 |     2 ||     5
